 Dungeon Crawl Stone Soup version 0.32-a0-799-g95e1662365 (webtiles) character file.

Game seed: 7260955714917166415

55 Orlauf the Poker (level 3, -2/30 HPs)
             Began as a Merfolk Gladiator on Mar 21, 2024.
             Slain by a frilled lizard (3 damage)
             ... on level 3 of the Dungeon.
             The game lasted 00:02:40 (1392 turns).

Orlauf the Poker (Merfolk Gladiator)                Turns: 1392, Time: 00:02:41

Health: -2/30      AC:  7    Str: 16    XL:     3   Next: 93%
Magic:  3/3        EV: 10    Int:  7    God:
Gold:   160        SH:  5    Dex: 15    Spells: 2/2 levels left

rFire   + + .        a - +0 trident (freeze)
rCold   + . .        (no shield)
rNeg    + . .        j - +0 scale mail
rPois   +            c - +0 helmet
rElec   +            (no cloak)
rCorr   +            (no gloves)
SInv    .            (no boots)
Will    .....        m - amulet of reflection Stlth
                     g - ring of protection from fire
HPRegen 0.25/turn    k - ring of positive energy
MPRegen 0.08/turn

%: reflection
@: resistant, hasted, very quick
A: (nimble swimmer 2), mertail
a: no special abilities


You were on level 3 of the Dungeon.
You visited 1 branch of the dungeon, and saw 3 of its levels.

You collected 160 gold pieces.

Inventory:

Hand Weapons
 a - a +0 trident of freezing (weapon)
 i - the +8 dagger of Bankruptcy {freeze, rC+ Int+3 Dex+4}
   (You found it on level 2 of the Dungeon)

   Int+3:     It affects your intelligence (+3).
   Dex+4:     It affects your dexterity (+4).
   rC+:       It protects you from cold.
Missiles
 d - 4 throwing nets (quivered)
 e - a javelin
Armour
 c - a +0 helmet (worn)
 j - a +0 scale mail (worn)
Jewellery
 g - a ring of protection from fire (left hand)
 k - a ring of positive energy (right hand)
 m - an amulet of reflection (around neck)
 o - a ring of flight
Potions
 b - a potion of resistance
 f - a potion of mutation
 h - a potion of brilliance


   Skills:
 * Level 3.9 Fighting
 + Level 4.8 Polearms
 - Level 2.0 Throwing
 - Level 4.0 Dodging


You had 2 spell levels left.
You didn't know any spells.
Your spell library contained the following spells:

 Spells                   Type           Power      Damage    Failure   Level
 Kiss of Death            Conj/Necr      0%         2d5       87%         1
 Confusing Touch          Hex            0%         N/A       99%         3
 Dispel Undead            Necr           0%         3d6       100%        4
 Summon Forest            Summ/Tloc      0%         N/A       100%        5
 Plasma Beam              Fire/Air       0%         2x1d10    100%        6
 Ignition                 Fire           0%         3d3       100%        8


Dungeon Overview and Level Annotations

Branches:
Dungeon (3/15)

Altars:

Annotations:
D:3 Robin


Innate Abilities, Weirdness & Mutations

((You are very nimble when in or above water. (Stealth+, EV+, Speed+++)))
Your lower body shifts to a powerful aquatic tail in water.


Message History

The hobgoblin struggles against the net.
Okay, then.
It was a potion of resistance.
You feel protected. The frilled lizard closely misses you.
The hobgoblin hits you but does no damage.
You block the goblin's attack. Robin hits you with a +0 club.
* * * LOW HITPOINT WARNING * * *
The hobgoblin struggles against the net.
It was a potion of haste.
You feel yourself speed up.
The frilled lizard bites you but does no damage.
You block the hobgoblin's attack.
The hobgoblin struggles against the net.
The goblin hits you but does no damage. Robin hits you but does no damage.
You hit Robin but do no damage.
Robin is heavily wounded.
Unknown command.
You closely miss Robin.
Robin is heavily wounded.
The hobgoblin hits you but does no damage.
The frilled lizard barely misses you.
The endoplasm jiggles.
Robin hits you with a +0 club.
* * * LOW HITPOINT WARNING * * *
The hobgoblin struggles against the net.
The net rips apart, and the hobgoblin comes free!
The goblin hits you but does no damage.
You hit Robin. You freeze Robin.
Robin is severely wounded.
The frilled lizard closely misses you.
The hobgoblin hits you but does no damage.
The goblin hits you but does no damage. Robin hits you with a +0 club.
* * * LOW HITPOINT WARNING * * *
Unknown command.
You closely miss Robin.
Robin is severely wounded.
The hobgoblin hits you.
* * * LOW HITPOINT WARNING * * *
The frilled lizard bites you.
You die...

# #. .....#
.#.######### .....#
...........# .....#
...........# .....#
.....>.....###.....##
............<.g......
...........###gJ...##
#.........rgg@lg.....
##.###..######gg...##
##..r.###g....#
#g............#
#.†g..........#
#g†.$.........#
g..............
##.....##.#.!.##
#...... #


You could see Robin, an endoplasm, a quokka, 3 hobgoblins, 4 goblins and a
frilled lizard.

Vanquished Creatures
  2 ribbon worms (D:2)
  5 endoplasms
  2 giant cockroaches
  A goblin (D:2)
  11 hobgoblins
  2 jackals (D:1)
  4 ball pythons
  6 bats
  2 frilled lizards
  4 kobolds
  5 rats
  A spectral hobgoblin (D:2)
45 creatures vanquished.

Notes
Turn   | Place    | Note
-------+----------+-------------------------------------------
     0 | D:1      | Orlauf the Merfolk Gladiator began the quest for the Orb.
     0 | D:1      | Reached XP level 1. HP: 16/16 MP: 1/1
   158 | D:1      | Reached XP level 2. HP: 23/23 MP: 2/2
   705 | D:2      | Reached XP level 3. HP: 29/29 MP: 3/3
   759 | D:2      | Got Sif Muna's Guide on Location and Pyromancy
   767 | D:2      | Identified the +8 dagger of Bankruptcy {freeze, rC+ Int+3
                  | Dex+4}
  1016 | D:2      | Found a faded altar of an unknown god.
  1356 | D:3      | Noticed Robin
  1392 | D:3      | HP: 1/30 [hobgoblin[Robin] (2)]
  1392 | D:3      | Slain by a frilled lizard

Illustrated notes

Levels and vault maps discovered:
D:1:      dpeg_arrival_pits, layout_basic
D:2:      layout_loops_ring, dreamdust_ecumenical_altar_drowned_temple
D:3:      layout_rooms, jmf_multi_god_temple, uniq_robin

Skill      XL: |  1  2 |
---------------+-------+-----
Fighting       | 3 |  3.9
Polearms       | |  4.8
Throwing       | |  2.0
Dodging        | |  4.0

Action                     || total
---------------------------++-------
  Melee: Trident           ||   142
  Throw: Throwing net      ||     1
    Use: Scroll            ||     4
         Potion            ||     2
 Armour: Leather armour    ||    19
         Scale mail        ||    78
  Dodge: Dodged            ||    79
  Block: Other             ||    25

Table legend: (Time is in decaauts)
 A = Elapsed time spent in this place.
 B = Non-inter-level travel time spent in this place.
 C = Inter-level travel time spent in this place.
 D = Time resting spent in this place.
 E = Time spent auto-exploring this place.
 F = Levels seen in this place.
 G = Mean time per level.
                   A        B        C        D        E       F      G
               +--------+--------+--------+--------+--------+-----+--------+
         Total |   1394 |   1290 |    104 |      0 |    976 |   3 |  464.7 |
       Dungeon |   1394 |   1290 |    104 |      0 |    976 |   3 |  464.7 |
               +--------+--------+--------+--------+--------+-----+--------+

Top non-repeatable levels by time:
     D:2: 679 daAuts
     D:1: 667 daAuts
     D:3: 47 daAuts
